 Dungeon Crawl Stone Soup version 0.18.1-8-gdd0e5ea (webtiles) character file.

20 Wooh the Vexing (level 2, -1/11 HPs)
             Began as a Felid Enchanter on May 24, 2016.
             Slain by a jackal (3 damage)
             ... on level 1 of the Dungeon.
             The game lasted 00:02:33 (748 turns).

Wooh the Vexing (Felid Enchanter)                    Turns: 748, Time: 00:02:33

Health: -1/11      AC:  1    Str:  4    XL:     2   Next: 58%
Magic:  5/6        EV: 18    Int: 16    God:
Gold:   27         SH:  0    Dex: 16    Spells: 1 memorised, 4 levels left
                                        Lives:  0   Deaths: 0

rFire  . . .     SeeInvis +       - Unarmed
rCold  . . .     Gourm    .     (armour unavailable)
rNeg   . . .     Faith    .     (shield unavailable)
rPois  .         Spirit   .     (helmet unavailable)
rElec  .         Dismiss  .     (cloak unavailable)
rCorr  .         Reflect  .     (gloves unavailable)
SustAt .         Harm     .     (boots unavailable)
MR     .....                    (no amulet)
Stlth  +++.......               (no ring)
                                (no ring)

@: quick, not resistant to hostile enchantments, fairly stealthy
A: no armour, no weapons or thrown items, claws 1, fangs 3, see invisible,
carnivore 3, speed 1, shaggy fur 1, slow metabolism 1, sharp paws
a: no special abilities


You were on level 1 of the Dungeon.
You were completely stuffed.

You visited 1 branch of the dungeon, and saw 1 of its levels.

You collected 27 gold pieces.

Inventory:

Scrolls
 d - a scroll of teleportation {unknown}
 e - a scroll of immolation {unknown}
 f - a scroll of amnesia {unknown}
Books
 a - a book of Maledictions

   Spells                             Type                      Level
   a - Corona                         Hexes                        1
   b - Ensorcelled Hibernation        Hexes/Ice                    2
   c - Confuse                        Hexes                        3
   d - Tukima's Dance                 Hexes                        3
   e - Dazzling Spray                 Conjuration/Hexes            3
Comestibles
 b - a meat ration
 c - 2 chunks of flesh


   Skills:
 - Level 2.6 Dodging
 - Level 4.2 Stealth
 + Level 2.4 Unarmed Combat
 - Level 2.0 Spellcasting
 - Level 4.4 Hexes


You had 4 spell levels left.
You knew the following spells:

 Your Spells              Type           Power        Failure   Level  Hunger
a - Corona                Hex            ###....      4%          1    #......


Dungeon Overview and Level Annotations

Branches:
Dungeon (1/15)

Altars:


Innate Abilities, Weirdness & Mutations

You cannot wear armour.
You are incapable of wielding weapons or throwing items.
You have sharp claws.
You have razor-sharp teeth.
You have supernaturally acute eyesight.
You are carnivorous and can eat meat at any time.
You cover ground quickly.
You are covered in fur (AC +1).
You have a slow metabolism.
Your sharp claws are effective at attacking unaware monsters.


Message History

Press: ? - help, Shift-Dir - straight line, f/p - jackal
Aim: a jackal (chance to defeat MR: 84%)
The jackal is outlined in light.
The jackal bites you.
Found a viscous inky potion.
You scratch the jackal.
The jackal is almost dead.
The jackal closely misses you. x2
You scratch the jackal.
You kill the jackal!
You scratch the jackal but do no damage.
Your bite misses the jackal. The jackal bites you.
The jackal bites you but does no damage.
You barely miss the jackal. The jackal bites you.
* * * LOW HITPOINT WARNING * * *
The jackal misses you. The jackal barely misses you.
You barely miss the jackal. The jackal bites you.
* * * LOW HITPOINT WARNING * * *
The jackal bites you.
You die...

...##########'##....#....#.#
..#...........#....#.......
#.#..............>.........
######.########........##.##.##.
......†...(..##................(
####..?......##........###.....#
#.(........#......### #.....#
#..........#......# #.....#
#...######.#@.....# #....(# #...
#.hh.....+ .......# #...
###......# ######### .....
.......# ##### ....##### ......
.!....## #......# ########


You could see 2 jackals.

Vanquished Creatures
  A dart slug (D:1)
  A giant gecko (D:1)
  2 giant cockroaches (D:1)
  A goblin (D:1)
  2 hobgoblins (D:1)
  6 jackals (D:1)
13 creatures vanquished.

Notes
Turn   | Place    | Note
--------------------------------------------------------------
     0 | D:1      | Wooh the Felid Enchanter began the quest for the Orb.
     0 | D:1      | Reached XP level 1. HP: 7/7 MP: 4/4
   365 | D:1      | Reached XP level 2. HP: 7/11 MP: 3/6
   748 | D:1      | Slain by a jackal

Skill      XL: |  1  2 |
---------------+-------+-----
Unarmed Combat | 2 |  2.4
Dodging        | |  2.6
Stealth        | |  4.2
Spellcasting   | |  2.0
Hexes          | |  4.4

Action                   || total
-------------------------++-------
Melee: Unarmed           ||    54
       Bite              ||     3
 Cast: Corona            ||     9
 Stab: Sleeping          ||     3
  Eat: Chunk             ||     7
Armor: Skin              ||     2
Dodge: Dodged            ||    53
